 Dungeon Crawl Stone Soup version 0.26.1-2-gb8aa6d0cf2 (webtiles) character file.

Game seed: 17763119675856078070

21449 sapthan the Grappler (level 12, -6/122 HPs)
             Began as a Troll Monk on Feb 17, 2021.
             Was a Believer of Ru.
             Mangled by a komodo dragon (12 damage)
             ... on level 3 of the Lair of Beasts.
             The game lasted 00:45:39 (12695 turns).

sapthan the Grappler (Troll Monk)                  Turns: 12695, Time: 00:45:40

Health: -6/122     AC: 16    Str: 26    XL:     12   Next: 54%
Magic:  11/11      EV: 11    Int:  6    God:    Ru [**....]
Gold:   1380       SH: 17    Dex: 12    Spells: 9/11 levels left

rFire    . . .     SeeInvis .     - Unarmed
rCold    + . .     Faith    +   d - +0 tower shield (curse)
rNeg     . . .     Spirit   .   I - +1 robe {rC+}
rPois    .         Reflect  .   (helmet restricted)
rElec    .         Harm     .   y - +0 cloak
rCorr    .         Rampage  .   (gloves unavailable)
Will     .....                  (boots unavailable)
Stlth    ++........             T - amulet of faith {!P}
HPRegen  0.70/turn              O - +4 ring of protection
MPRegen  0.12/turn              o - +4 ring of protection

@: lethally poisoned (-6 -> -6), very slow
A: large, unfitting armour, claws 3, regeneration 1, shaggy fur 1, tough skin 3,
hated by all, no conjurations magic, no earth magic, no transmutations magic
a: Renounce Religion, Sacrifice Drink, Sacrifice Words, Sacrifice Durability,
Reject Sacrifices


You were on level 3 of the Lair of Beasts.
You worshipped Ru.
Ru was pleased with you.
You visited 4 branches of the dungeon, and saw 16 of its levels.

You collected 1476 gold pieces.
You spent 96 gold pieces at shops.


Innate Abilities, Weirdness & Mutations

You are too large for most types of armour.
You have claws for hands.
Your natural rate of healing is unusually fast.
You are covered in fur. (AC +1)
You have extremely tough skin. (AC +3)
You are hated by all.
You cannot study or cast Conjurations magic.
You cannot study or cast Earth magic.
You cannot study or cast Transmutations magic.


   Skills:
 + Level 8.5 Fighting
 - Level 5.0 Throwing
 + Level 8.4 Dodging
 - Level 1.0 Stealth
 + Level 7.8 Shields
 + Level 12.4 Unarmed Combat


You had 9 spell levels left.
You knew the following spells:

 Your Spells              Type           Power        Failure   Level
a - Apportation           Tloc           0%           93%         1
c - Corona                Hex            0%           93%         1

Your spell library contained the following spells:

 Spells                   Type           Power        Failure   Level
 Confusing Touch          Hex            0%           100%        3
 Gell's Gravitas          Tloc           0%           100%        3
 Metabolic Englaciation   Hex/Ice        0%           100%        5
 Animate Skeleton         Necr           Unusable     N/A         1
 Summon Small Mammal      Summ           Unusable     N/A         1
 Petrify                  Tmut/Erth      Unusable     N/A         4
 Yara's Violent Unravell  Hex/Tmut       Unusable     N/A         5

Inventory:

Hand Weapons
 s - a +0 scimitar of flaming
Missiles
 f - 426 stones (quivered)
 k - 7 throwing nets {=f}
 v - 4 large rocks {=f}
 M - 2 javelins
Armour
 d - a cursed +0 tower shield (worn)
 y - a +0 cloak (worn)
 I - a +1 robe of cold resistance (worn)
 J - a +0 troll leather armour
 K - a +1 robe of cold resistance
Jewellery
 o - a +4 ring of protection (right claw)
 C - an uncursed ring of ice
 F - an uncursed ring of protection from fire
 L - a cursed amulet of reflection
 O - a +4 ring of protection (left claw)
 T - an amulet of faith (around neck) {!P}
 Z - an uncursed ring of wizardry
Wands
 a - a wand of random effects (8)
 G - a wand of iceblast (15)
Scrolls
 b - 7 scrolls of identify {@r1}
 e - 4 scrolls of remove curse {unknown}
 i - a scroll of magic mapping {unknown}
 l - 2 scrolls of amnesia {unknown}
 m - a scroll of blinking {unknown}
 r - 6 scrolls of teleportation {unknown}
 t - 4 scrolls of enchant weapon {unknown}
 u - 2 scrolls of fog {unknown}
 w - a scroll of enchant armour {unknown}
 A - 3 scrolls of immolation {unknown}
 B - a scroll of brand weapon {unknown}
 D - 3 scrolls of silence {unknown}
 E - a scroll of holy word {unknown}
Potions
 c - 10 potions of curing {@q1}
 g - 2 potions of lignification {unknown}
 h - 3 potions of berserk rage {unknown}
 j - a potion of flight {unknown}
 n - a potion of mutation {unknown}
 q - 6 potions of haste {unknown}
 z - 2 potions of attraction {unknown}
 H - a potion of might {unknown}

Dungeon Overview and Level Annotations

Branches:
Dungeon (10/15)            Temple (1/1) D:5            Lair (3/6) D:9
  Swamp (0/4) Lair:3        Snake (0/4) Lair:3          Orc (2/2) D:9
    Elf: Orc:2

Altars:
Ashenzari
Cheibriados
Dithmenos
Elyvilon
Fedhas
Gozag
Hepliaklqana
Kikubaaqudgha
Makhleb
Nemelex Xobeh
Okawaru
Qazlal
Ru
Sif Muna
Trog
Uskayaw
Vehumet
Wu Jian
Xom
Yredelemnul
Zin
The Shining One
Beogh

Shops:
D:7 }   D:10 !   Orc:2 :

Annotations:
D:7 hydra
D:8 Maggie

##.##≈### #.. ##P≈≈≈≈≈.##
### ###.≈≈≈≈≈≈≈.##
#≈≈≈≈≈...≈≈≈≈##
##≈≈≈≈.....≈≈≈.#
#P.≈≈P......≈≈.##
#..≈≈≈..>...≈≈..#
###..≈≈..)....l≈..# #
#.#..≈≈≈≈P.≈≈@l≈..###....
###..#.≈≈≈...≈≈≈.#.†......
#.#.#.#.≈≈≈≈≈≈≈P####......
#...##.#.≈≈≈≈≈P#.# ..#...
##..#.###≈≈####### #....
#.### ###≈# ... ##.## ##
... ##P..# .. ##...##


You could see 2 komodo dragons.


Message History

The komodo dragon bites you!
* * * LOW HITPOINT WARNING * * *
You scratch the komodo dragon.
The komodo dragon is lightly wounded.
You block the komodo dragon's attack. The komodo dragon bites you!!
* * * LOW HITPOINT WARNING * * *
You scratch the komodo dragon.
The komodo dragon is heavily wounded.
You feel sick. The komodo dragon barely misses you.
You scratch the komodo dragon but do no damage.
The komodo dragon is heavily wounded.
The komodo dragon barely misses you.
You claw the komodo dragon!
The komodo dragon is severely wounded.
The komodo dragon bites you but does no damage.
The komodo dragon barely misses you.
You barely miss the komodo dragon.
The komodo dragon is severely wounded.
You feel sick. You block the komodo dragon's attack.
The komodo dragon bites you!!
* * * LOW HITPOINT WARNING * * *
You focus your inner power and illuminate the komodo dragon in retribution!
You block the komodo dragon's attack.
You enter the shallow water.
Moving in this stuff is going to be slow.
You feel sick.
The komodo dragon is stunned by your conviction and fails to attack.
You block the komodo dragon's attack.
You feel sick. The komodo dragon bites you!
You die...

Skill      XL: |  1  2  3  4  5  6  7  8  9 10 11 12 |
---------------+-------------------------------------+-----
Unarmed Combat | 4 5 6 8 9 11 12 | 12.4
Fighting       | 3 4 5 6 7 8 |  8.5
Dodging        | 3 4 5 6 7 8 |  8.4
Shields        | 1 2 3 4 5 6 7 |  7.8
Throwing       | 3 5 |  5.0
Stealth        | |  1.0

Action                   |  1- 3 |  4- 6 |  7- 9 | 10-12 || total
-------------------------+-------+-------+-------+-------++-------
Melee: Unarmed           |   102 |   147 |   273 |   712 ||  1234
       Scimitar          |       |       |       |    13 ||    13
Throw: Stone             |       |       |     5 |    48 ||    53
       Throwing net      |       |       |     1 |       ||     1
Invok: Sacrifice Love    |       |       |     1 |       ||     1
       Sacrifice Arcana  |       |       |     1 |       ||     1
  Use: Scroll            |       |       |     5 |     3 ||     8
       Potion            |       |       |     1 |     6 ||     7
 Stab: Sleeping          |     4 |     6 |       |       ||    10
       Distracted        |       |       |       |     3 ||     3
       Invisible         |       |       |       |     1 ||     1
Armor: Robe              |    22 |    22 |    87 |   230 ||   361
Dodge: Dodged            |    23 |    18 |    70 |   230 ||   341
Block: Tower shield      |    46 |    95 |   216 |   607 ||   964
       Rpst.: Scimitar   |       |       |       |     2 ||     2

Levels and vault maps discovered:
D:1:      lightli_arrival_quake, layout_basic, serial_bayou_pond_c,
          supply_closet_lemuel, nrook_campfire, minmay_box_of_dots
D:2:      layout_loops_ring, general_overflow_altar,
          chequers_ecumenical_altar_twisty, minmay_misc_feat_five,
          evilmike_ruin_ashenzari, uniq_crazy_yiuf_cottage
D:3:      layout_basic
D:4:      layout_loops_corners, lemuel_zombie_altar_yredelemnul,
          chequers_temple_overflow_statue_of_worship, serial_rivers,
          chequers_serial_rivers_micro_d, chequers_serial_rivers_room_b,
          chequers_serial_rivers_micro_b, chequers_serial_rivers_marsh,
          chequers_serial_rivers_micro_d
D:5:      layout_cave_pools, grunt_dithmenos_smoke_and_mirrors, temple_pool_b,
          chequers_jeans
D:6:      layout_loops_ring
D:7:      layout_basic, serial_shops, shop
D:8:      layout_cave_pools, kennysheep_generic_room_6, uniq_maggie, uniq_pikel
D:9:      layout_long_grid, marbit_many_paths, due_lair_maze_entry_diamond,
          zombieorc2_lemuel, st_stairs_4
D:10:     layout_cave_pools, serial_gnoll_camp, gnoll_camp_huts_basic,
          gnoll_camp_mini_hut, grums_kennel, gnoll_camp_medium_02,
          gnoll_camp_mini_shop, kennysheep_pointless_box,
          hangedman_decor_diamond_cutter, amcnicky_altar_gilded
Temple:   lightli_temple_of_artemis
Lair:1:   layout_gridlike
Lair:2:   layout_cave_shapes, uniq_erica
Lair:3:   layout_concentric_octagons, swamp_mist, guppyfry_snake_entry_island
Orc:1:    layout_caves, bh_open_orc_temple, uniq_fannar
Orc:2:    grunt_orc_gardens, layout_diamond_mine, grunt_orc_garden,
          grunt_orc_garden, grunt_orc_garden, grunt_orc_garden, serial_shops,
          nicolae_shop_stone

Notes
Turn   | Place    | Note
-------+----------+-------------------------------------------
     0 | D:1      | sapthan the Troll Monk began the quest for the Orb.
     0 | D:1      | Reached XP level 1. HP: 22/22 MP: 0/0
    78 | D:1      | Reached XP level 2. HP: 24/29 MP: 1/1
   434 | D:1      | Reached XP level 3. HP: 36/36 MP: 2/2
   964 | D:2      | Found a broken altar of Ashenzari.
  1154 | D:2      | Found a faded altar of an unknown god.
  1251 | D:2      | Reached skill level 4 in Unarmed Combat
  1377 | D:2      | Found a shimmering blue altar of Sif Muna.
  1528 | D:2      | Reached XP level 4. HP: 36/44 MP: 3/3
  2040 | D:3      | Reached skill level 3 in Fighting
  2051 | D:3      | Reached skill level 3 in Dodging
  2051 | D:3      | Reached skill level 1 in Shields
  2235 | D:3      | Reached XP level 5. HP: 53/53 MP: 4/4
  2818 | D:4      | Found a shimmering altar of Xom.
  2818 | D:4      | Found a blossoming altar of Fedhas.
  3038 | D:4      | Noticed a phantom
  3051 | D:4      | Killed a phantom
  3052 | D:4      | Reached skill level 5 in Unarmed Combat
  3052 | D:4      | Reached XP level 6. HP: 43/61 MP: 5/5
  3507 | D:4      | Found a basalt altar of Yredelemnul.
  3558 | D:4      | Reached skill level 2 in Shields
  3694 | D:5      | Entered Level 5 of the Dungeon
  3884 | D:5      | Found a shadowy altar of Dithmenos.
  3903 | D:5      | Reached XP level 7. HP: 66/68 MP: 6/6
  4068 | D:5      | Reached skill level 6 in Unarmed Combat
  4157 | D:5      | Found a staircase to the Ecumenical Temple.
  4166 | Temple   | Entered the Ecumenical Temple
  4266 | Temple   | Became a worshipper of Ru the Awakened
  4268 | Temple   | Gained mutation: You are hated by all. [Ru sacrifice]
  4268 | Temple   | Reached * piety under Ru
  4326 | D:5      | Reached skill level 4 in Fighting
  4538 | D:6      | Reached skill level 4 in Dodging
  4614 | D:6      | Reached skill level 3 in Shields
  4614 | D:6      | Reached XP level 8. HP: 62/78 MP: 7/7
  4943 | D:6      | Reached skill level 7 in Unarmed Combat
  5571 | D:7      | Got a translucent war axe
  5811 | D:7      | Found Newa's Gadget Shop.
  5813 | D:7      | Identified the +4 war axe of the Reaper {speed, *Contam
                  | rN++ MP+9} (You found it on level 7 of the Dungeon)
  6114 | D:8      | Noticed a four-headed hydra
  6138 | D:7      | Reached skill level 8 in Unarmed Combat
  6144 | D:7      | Reached skill level 5 in Fighting
  6144 | D:7      | Reached skill level 4 in Shields
  6181 | D:8      | Noticed Pikel
  6197 | D:7      | Reached skill level 5 in Dodging
  6197 | D:7      | Reached XP level 9. HP: 37/88 MP: 8/8
  6274 | D:7      | Killed Pikel
  6462 | D:8      | Noticed a two-headed ogre
  6470 | D:8      | Killed a two-headed ogre
  6471 | D:8      | Reached skill level 9 in Unarmed Combat
  6473 | D:8      | Gained mutation: You cannot study or cast Earth magic. [Ru
                  | sacrifice]
  6473 | D:8      | Gained mutation: You cannot study or cast Transmutations
                  | magic. [Ru sacrifice]
  6473 | D:8      | Gained mutation: You cannot study or cast Conjurations
                  | magic. [Ru sacrifice]
  6473 | D:8      | Reached ** piety under Ru
  6844 | D:8      | Reached skill level 5 in Shields
  6921 | D:8      | Noticed Maggie
  6933 | D:8      | Reached skill level 6 in Fighting
  6933 | D:8      | Reached XP level 10. HP: 95/98 MP: 9/9
  6962 | D:9      | Noticed a two-headed ogre
  6979 | D:8      | Killed a two-headed ogre
  6980 | D:8      | Reached skill level 6 in Dodging
  6980 | D:8      | Reached skill level 10 in Unarmed Combat
  7189 | D:9      | Found a staircase to the Lair.
  7306 | D:9      | Learned a level 1 spell: Apportation
  7308 | D:9      | Learned a level 1 spell: Corona
  7356 | D:9      | Found a staircase to the Orcish Mines.
  7885 | D:9      | Reached skill level 6 in Shields
  8061 | D:9      | Reached skill level 11 in Unarmed Combat
  8061 | D:9      | Found a broken altar of Ashenzari.
  8125 | D:10     | Entered Level 10 of the Dungeon
  8150 | D:10     | Found Edufriso's Distillery.
  8185 | D:10     | Bought a potion of heal wounds for 60 gold pieces
  8185 | D:10     | Bought a potion of curing for 36 gold pieces
  8320 | D:10     | Found a glowing silver altar of Zin.
  8390 | D:10     | Reached XP level 11. HP: 84/107 MP: 10/10
  8892 | D:10     | Noticed Grum
  8897 | D:10     | Killed Grum
  8945 | Orc:1    | Entered Level 1 of the Orcish Mines
  8960 | Orc:1    | Reached skill level 7 in Fighting
  8983 | Orc:1    | Noticed an orc sorcerer
  9001 | Orc:1    | Killed an orc sorcerer
  9002 | Orc:1    | Reached skill level 1 in Throwing
  9005 | Orc:1    | Reached skill level 7 in Dodging
  9044 | Orc:1    | Noticed an orc sorcerer
  9190 | Orc:1    | Noticed a soul eater
  9191 | Orc:1    | Paralysed by an orc sorcerer for 3 turns
  9201 | Orc:1    | Killed an orc sorcerer
  9607 | Orc:1    | Noticed a two-headed ogre
  9619 | Orc:1    | Killed a two-headed ogre
  9620 | Orc:1    | Reached skill level 2 in Throwing
  9756 | Orc:1    | Noticed an orc high priest
  9781 | Orc:1    | Noticed a sixfirhy
  9794 | Orc:1    | Noticed Fannar
  9802 | Orc:1    | Killed an orc high priest
  9807 | Orc:1    | HP: 8/109 [Fannar/refrigeration (24)]
  9829 | Orc:1    | Killed Fannar
  9969 | Orc:1    | Found a roughly hewn altar of Beogh.
 10144 | Orc:2    | Entered Level 2 of the Orcish Mines
 10145 | Orc:2    | Found Zyirilis's Book Emporium.
 10145 | Orc:2    | Noticed an ettin
 10187 | Lair:1   | Entered Level 1 of the Lair of Beasts
 10230 | Lair:1   | Reached skill level 3 in Throwing
 10413 | Lair:1   | Reached skill level 7 in Shields
 11108 | Lair:2   | Reached XP level 12. HP: 117/119 MP: 11/11
 11183 | Lair:2   | Reached skill level 4 in Throwing
 11216 | Lair:2   | Reached skill level 8 in Fighting
 11222 | Lair:2   | Reached skill level 12 in Unarmed Combat
 11226 | Lair:2   | Reached skill level 8 in Dodging
 11619 | Lair:2   | Noticed Erica
 11636 | Lair:2   | Killed Erica
 11731 | Lair:2   | Noticed a catoblepas
 11761 | Lair:2   | Killed a catoblepas
 12562 | Lair:3   | Found a staircase to the Swamp.
 12614 | Lair:3   | Found a staircase to the Snake Pit.
 12652 | Lair:3   | Noticed a six-headed hydra
 12670 | Lair:3   | Killed a one-headed hydra
 12671 | Lair:3   | Reached skill level 5 in Throwing
 12691 | Lair:3   | HP: 4/122 [komodo dragon (20)]
 12695 | Lair:3   | Mangled by a komodo dragon

Vanquished Creatures
  A hydra (Lair:3)
  Fannar (Orc:1)
  A catoblepas (Lair:2)
  3 two-headed ogres
  Erica (Lair:2)
  An orc high priest (Orc:1)
  Pikel (D:7)
  2 orc sorcerers (Orc:1)
  2 black mambas
  4 elephants (Lair:1)
  3 cane toads
  A rime drake (Lair:3)
  2 komodo dragons
  A troll (Orc:1)
  2 polar bears
  10 yaks
  3 shadows (D:9)
  Grum (D:10)
  A steam dragon (D:10)
  A warg (Orc:1)
  A naga (Lair:3)
  A two-headed ogre zombie (D:9)
  12 water moccasins
  9 orc warriors
  A sky beast (D:9)
  3 black bears
  An ice beast (D:9)
  A phantom (D:4)
  A necrophage (D:9)
  14 wolves
  7 centaurs
  5 ogres
  A big kobold (D:9)
  10 bullfrogs
  3 gnoll sergeants (D:10)
  A wyvern skeleton (D:6)
  3 scorpions
  2 troll zombies (D:9)
  9 wights
  3 bullfrog zombies
  A jelly (D:5)
  A quasit (D:10)
  3 orc priests
  2 bullfrog skeletons
  A centaur skeleton (D:6)
  3 gnoll shamans (D:10)
  13 hounds
  9 orc wizards
  An iguana (D:9)
  2 worker ants
  5 ogre zombies (D:9)
  3 hound skeletons
  26 gnolls
  8 adders
  A shadow imp (D:8)
  3 white imps
  6 ufetubi
  An ooze (D:1)
  2 adder zombies (D:8)
  An adder skeleton (D:7)
  3 worms
  4 dart slugs
  2 leopard geckos
  33 orcs
  3 giant cockroaches
  6 goblins
  9 hobgoblins
  8 jackals
  4 quokkas
  10 bats
  7 frilled lizards
  A giant cockroach zombie (D:6)
  2 gnoll zombies (D:4)
  A goblin skeleton (D:9)
  4 goblin zombies (D:9)
  5 hobgoblin skeletons (D:9)
  5 hobgoblin zombies (D:9)
  11 kobolds
  An orc skeleton (D:9)
  9 orc zombies (D:9)
  A quokka skeleton (D:8)
  A quokka zombie (D:7)
  6 rats
358 creatures vanquished.

Vanquished Creatures (others)
  An elephant (Lair:1)
  An orc warrior (Orc:1)
  A kobold (D:9)
  17 fungi
  25 plants
45 creatures vanquished.

Grand Total: 403 creatures vanquished

Table legend: (Time is in decaauts)
 A = Elapsed time spent in this place.
 B = Non-inter-level travel time spent in this place.
 C = Inter-level travel time spent in this place.
 D = Time resting spent in this place.
 E = Time spent auto-exploring this place.
 F = Levels seen in this place.
 G = Mean time per level.
                   A        B        C        D        E       F      G
               +--------+--------+--------+--------+--------+-----+--------+
         Total |  12668 |  12082 |    586 |    823 |   8670 |  16 |  791.8 |
       Dungeon |   8861 |   8406 |    455 |    356 |   6121 |  10 |  886.1 |
        Temple |    120 |    102 |     18 |      0 |     92 |   1 |  120.0 |
          Lair |   2478 |   2394 |     84 |    139 |   1822 |   3 |  826.0 |
  Orcish Mines |   1207 |   1179 |     28 |    328 |    635 |   2 |  603.5 |
               +--------+--------+--------+--------+--------+-----+--------+

Top non-repeatable levels by time:
  Lair:2: 1211 daAuts
   Orc:1: 1203 daAuts
     D:9: 1179 daAuts
     D:4: 1037 daAuts
     D:7: 1026 daAuts
     D:2: 958 daAuts
     D:1: 944 daAuts
     D:3: 867 daAuts
  Lair:1: 824 daAuts
     D:6: 793 daAuts
    D:10: 785 daAuts
     D:8: 649 daAuts
     D:5: 620 daAuts
  Lair:3: 442 daAuts
  Temple: 120 daAuts

Table legend:
 A = Non-vault XP
 B = Vault XP
 C = Vault XP percentage of total XP
 D = Non-vault monster count
 E = Vault monster count
 F = Vault count percentage of total count
                 A         B        C        D         E       F
            +---------+---------+-------+---------+---------+-------
      Total |   23684 |    6958 |  22.7 |     264 |      96 |  26.7
            +---------+---------+-------+---------+---------+-------
        D:1 |      45 |       2 |   4.3 |      22 |       1 |   4.3
        D:2 |      57 |       0 |   0.0 |      19 |       0 |   0.0
        D:3 |     170 |       0 |   0.0 |      26 |       0 |   0.0
        D:4 |     346 |       3 |   0.9 |      11 |       2 |  15.4
        D:5 |     511 |       0 |   0.0 |      13 |       0 |   0.0
        D:6 |     636 |       0 |   0.0 |      17 |       0 |   0.0
        D:7 |     959 |     629 |  39.6 |      18 |       1 |   5.3
        D:8 |    3337 |      61 |   1.8 |      38 |       2 |   5.0
        D:9 |     995 |    2104 |  67.9 |      23 |      46 |  66.7
       D:10 |     567 |    1202 |  67.9 |       8 |      37 |  82.2
     Lair:1 |    5235 |       0 |   0.0 |      23 |       0 |   0.0
     Lair:2 |    3621 |     907 |  20.0 |      15 |       1 |   6.2
     Lair:3 |    4125 |     153 |   3.6 |      15 |       1 |   6.2
      Orc:1 |    3080 |    1897 |  38.1 |      16 |       5 |  23.8
            +---------+---------+-------+---------+---------+-------
